 Dungeon Crawl Stone Soup version 0.29.1-2-gbd0b4ee654 (webtiles) character file.

Game seed: 8967282430358432739

163 cdecastro the Sneak (level 5, -2/24 HPs)
             Began as a Spriggan Enchanter on Nov 19, 2022.
             Was an Initiate of Gozag.
             Slain by an orc wizard
             ... wielding a +0 dagger
              (4 damage)
             ... on level 4 of the Dungeon.
             The game lasted 00:07:19 (3704 turns).

cdecastro the Sneak (Spriggan Enchanter)            Turns: 3704, Time: 00:07:20

Health: -2/24      AC:  2    Str:  6    XL:     5   Next: 20%
Magic:  2/10       EV: 18    Int: 16    God:    Gozag
Gold:   201        SH:  0    Dex: 24    Spells: 4/9 levels left

rFire   . . .      SeeInvis +   a - +1 dagger
rCold   . . .      Faith    .   (no shield)
rNeg    . . .      Spirit   .   b - +0 robe
rPois   .          Reflect  .   (helmet restricted)
rElec   .          Harm     .   (no cloak)
rCorr   .          Rampage  .   (gloves unavailable)
Will    .....                   (boots unavailable)
Stlth   +++++.....              o - amulet "Ifrujaf" {Acrobat Dex+8 Stlth+}
HPRegen 0.08/turn               (no ring)
MPRegen 0.12/turn               (no ring)

@: gold aura, very quick
A: very small, no large weapons, unfitting armour, see invisible, speed 3
a: Renounce Religion, Potion Petition, Call Merchant, Bribe Branch


You were on level 4 of the Dungeon.
You worshipped Gozag.
Gozag was aware of your devotion.
You visited 1 branch of the dungeon, and saw 4 of its levels.

You collected 243 gold pieces.
You paid 42 gold pieces to Gozag.

Inventory:

Hand Weapons
 a - a +1 dagger (weapon)
Missiles
 h - 18 stones
 n - 2 curare-tipped darts
Armour
 b - a +0 robe (worn)
Magical Staves
 i - a staff of earth
 j - a staff of poison
Jewellery
 k - a ring of ice
 o - the amulet "Ifrujaf" (around neck) {Acrobat Dex+8 Stlth+}
   (You found it on level 2 of the Dungeon)

   [amulet of the acrobat]

   It increases your evasion while moving and waiting.
   Dex:       It affects your dexterity (+8).
   Stlth:     It makes you more stealthy.
Wands
 s - a wand of charming (7)
Scrolls
 d - 4 scrolls of identify {unknown}
 f - 3 scrolls of magic mapping {unknown}
 m - a scroll of amnesia {unknown}
 t - a scroll of teleportation {unknown}
Potions
 c - 2 potions of invisibility
 e - 2 potions of brilliance {unknown}
 g - a potion of resistance {unknown}
 l - a potion of might {unknown}
 p - 2 potions of degeneration {unknown}
 q - a potion of heal wounds {unknown}
 r - a potion of cancellation {unknown}


   Skills:
 - Level 1.1 Short Blades
 - Level 2.6 Dodging
 + Level 6.4 Stealth
 - Level 2.6 Spellcasting
 * Level 6.2 Hexes


You had 4 spell levels left.
You knew the following spells:

 Your Spells              Type           Power      Damage    Failure   Level
a - Ensorcelled Hibernat  Hex/Ice        24%        N/A       9%          2
b - Confusing Touch       Hex            22%        N/A       4%          3

Your spell library contained the following spells:

 Spells                   Type           Power      Damage    Failure   Level
 Tukima's Dance           Hex            22%        N/A       4%          3
 Dazzling Flash           Conj/Hex       24%        N/A       16%         3
 Conjure Ball Lightning   Conj/Air       1%         3x3d6     100%        6
 Discord                  Hex            11%        N/A       100%        8
 Disjunction              Tloc           1%         N/A       100%        8
 Chain Lightning          Conj/Air       1%         3d1       100%        9
 Fire Storm               Conj/Fire      1%         7d1       100%        9
 Shatter                  Erth           1%         3d5*      100%        9


Dungeon Overview and Level Annotations

Branches:
Dungeon (4/15)
 Temple: D:4-7

Altars:
Elyvilon
Gozag
Kikubaaqudgha
Ru

Annotations:
D:3 Grinder


Innate Abilities, Weirdness & Mutations

You are very small and have problems with some larger weapons.
You are too small for most types of armour.
You have supernaturally acute eyesight. (SInv)
You cover ground extremely quickly. (Speed+++)


Message History

The giant cockroach bites you.
You hit the giant cockroach but do no damage.
The giant cockroach is heavily wounded.
The giant cockroach closely misses you. The ball python completely misses you.
The ball python grabs you. The ball python constricts you.
The giant cockroach closely misses you.
You escape the ball python's grasp.
The ball python is distracted by your dazzling golden aura.
The ball python hisses angrily.
You hit the giant cockroach.
You kill the giant cockroach!
The orc wizard closely misses you.
You see here 6 gold pieces.
Aiming: Ensorcelled Hibernation (safe; 9% risk of failure)
Press: ? - help, Q - select action, (/) - cycle Shift-Dir - straight line, f - orc wizard
Aim: an orc wizard, wielding a +0 dagger and wearing a +0 robe (slightly transparent, chance to affect: 46%)
The orc wizard resists with some effort.
The ball python is no longer distracted by gold.
The orc wizard closely misses you.
Aiming: Ensorcelled Hibernation (safe; 9% risk of failure)
Press: ? - help, Q - select action, (/) - cycle Shift-Dir - straight line, f/p - orc wizard
Aim: an orc wizard, wielding a +0 dagger and wearing a +0 robe (slightly transparent, chance to affect: 46%)
The orc wizard resists with some effort.
The orc wizard gestures at you while chanting.
The puff of flame hits you!
* * * LOW HITPOINT WARNING * * *
Aiming: Ensorcelled Hibernation (safe; 9% risk of failure)
Press: ? - help, Q - select action, (/) - cycle Shift-Dir - straight line, f/p - orc wizard
Aim: an orc wizard, wielding a +0 dagger and wearing a +0 robe (slightly transparent, chance to affect: 46%)
The orc wizard resists with some effort.
The orc wizard gestures at you while chanting.
The magic dart hits you!
* * * LOW HITPOINT WARNING * * *
Aiming: Ensorcelled Hibernation (safe; 9% risk of failure)
Press: ? - help, Q - select action, (/) - cycle Shift-Dir - straight line, f/p - orc wizard
Aim: an orc wizard, wielding a +0 dagger and wearing a +0 robe (slightly transparent, chance to affect: 46%)
The orc wizard resists with some effort.
The orc wizard hits you with a +0 dagger.
You die...
Your body crumbles into a pile of gold.

..........#..........
.........#......... .
.......##........#.
####.......##.....#..#
♣♣♣♣♣♣♣♣♣..##......#.......#
..≈≈≈≈≈..♣.$.......#.......#
.≈...oB≈.♣.##gS.......<....#
o≈.≈≈≈.≈.♣.###o#####......##
.≈≈...≈≈.♣.# #@# ##.....##
.≈≈._.≈≈$♣.# #.# #...#.##
.≈≈...≈≈.♣## #.####..##.#
o≈.≈≈≈.≈.♣ #...#..###.#
.≈.....≈.♣ ###....# #.#
#....# #.. #....# ### #....#
#....#


You could see an orc wizard (invisible), a goblin and a ball python.

Vanquished Creatures
  A jelly (D:3)
  Jessica (D:2)
  Ijyb (D:3)
  A gnoll (D:3)
  A worm (D:2)
  3 orcs
  2 ball pythons (D:1)
  5 bats
  4 endoplasms
  6 giant cockroaches
  5 goblins
  5 hobgoblins
  4 jackals
  9 kobolds
  3 quokkas
  5 frilled lizards
  3 rats
59 creatures vanquished.

Vanquished Creatures (others)
  5 plants (D:3)
5 creatures vanquished.

Grand Total: 64 creatures vanquished

Notes
Turn   | Place    | Note
-------+----------+-------------------------------------------
     0 | D:1      | cdecastro the Spriggan Enchanter began the quest for the
                  | Orb.
     0 | D:1      | Reached XP level 1. HP: 9/9 MP: 5/5
   449 | D:1      | Reached XP level 2. HP: 13/13 MP: 6/6
   457 | D:1      | Learned a level 2 spell: Ensorcelled Hibernation
  1304 | D:1      | Reached skill level 5 in Stealth
  1407 | D:2      | Noticed Jessica
  1415 | D:2      | Killed Jessica
  1416 | D:2      | Reached skill level 5 in Hexes
  1416 | D:2      | Reached XP level 3. HP: 7/16 MP: 2/8
  2025 | D:2      | Identified the amulet "Ifrujaf" {Acrobat Dex+8 Stlth+}
  2080 | D:2      | Reached XP level 4. HP: 21/21 MP: 9/9
  2480 | D:3      | Found an opulent altar of Gozag.
  2513 | D:3      | Found an ancient bone altar of Kikubaaqudgha.
  2567 | D:3      | Became a worshipper of Gozag Ym Sagoz the Greedy
  2641 | D:3      | Noticed Grinder
  2851 | D:3      | Learned a level 3 spell: Confusing Touch
  3133 | D:3      | Noticed Ijyb
  3159 | D:3      | Killed Ijyb
  3160 | D:3      | Reached XP level 5. HP: 24/24 MP: 7/10
  3219 | D:3      | Found a faded altar of an unknown god.
  3302 | D:3      | Found a sacrificial altar of Ru.
  3674 | D:4      | Found a white marble altar of Elyvilon.
  3704 | D:4      | Slain by an orc wizard

Illustrated notes

Levels and vault maps discovered:
D:1:      dpeg_arrival_ternary, layout_basic
D:2:      kb_forest_paths, layout_basic, uniq_jessica
D:3:      cheibrodos_old_hovel, layout_loops_ring,
          mainiacjoe_overflow_cross_hatched, nicolae_overflow_crystal_walls,
          lemuel_round_altar, basic_ecumenical_altar, uniq_ijyb, uniq_grinder
D:4:      layout_rooms, lemuel_round_altar, mainiacjoe_overflow_paths,
          serial_shops, nicolae_shop_bloodbath_and_beyond, uniq_eustachio

Skill      XL: |  1  2  3  4 |
---------------+-------------+-----
Hexes          | 4 5 6 |  6.2
Stealth        | 5 6 |  6.4
Short Blades   | |  1.1
Dodging        | |  2.6
Spellcasting   | |  2.6

Action                   |  1- 3 |  4- 6 || total
-------------------------+-------+-------++-------
Melee: Dagger            |    97 |    50 ||   147
       Punch             |     2 |       ||     2
 Cast: Ensorcelled Hiber |     7 |    16 ||    23
 Stab: Sleeping          |    18 |    16 ||    34
Armor: Robe              |     9 |     1 ||    10
Dodge: Dodged            |    66 |    44 ||   110
